 Dungeon Crawl Stone Soup version 0.26.0-10-g1f06aea511 (webtiles) character file.

Game seed: 3159696417917868442

84 Borgoz the Slasher (level 4, -2/38 HPs)
             Began as a Ghoul Gladiator on Jan 18, 2021.
             Slain by a bullfrog (6 damage)
             ... on level 2 of the Dungeon.
             The game lasted 00:01:42 (1708 turns).

Borgoz the Slasher (Ghoul Gladiator)                Turns: 1708, Time: 00:01:43

Health: -2/38      AC:  7    Str: 15 (17) XL:     4   Next: 46%
Magic:  3/3        EV: 10    Int:  1 (3)  God:
Gold:   74         SH:  0    Dex: 11      Spells: 3/3 levels left

rFire    . . .     SeeInvis .   a - +0 long sword
rCold    + . .     Faith    .   (no shield)
rNeg     + + +     Spirit   .   i - +0 scale mail
rPois    ∞         Reflect  .   c - +0 helmet
rElec    .         Harm     .   (no cloak)
rCorr    .         Rampage  .   (no gloves)
Will     .....                  (no boots)
Stlth    ..........             (no amulet)
HPRegen  0.00/turn              (no ring)
MPRegen  0.08/turn              (no ring)

@: no status effects
A: claws 1, cold resistance 1, negative energy resistance 3, inhibited
regeneration, torment resistance, unbreathing
a: no special abilities


You were on level 2 of the Dungeon.
You visited 1 branch of the dungeon, and saw 3 of its levels.

You collected 74 gold pieces.

Inventory:

Hand Weapons
 a - a +0 long sword (weapon)
Missiles
 d - a throwing net (quivered)
Armour
 c - a +0 helmet (worn)
 i - a +0 scale mail (worn)
Scrolls
 b - a scroll of remove curse {unknown}
 e - 3 scrolls of teleportation {unknown}
 g - 2 scrolls of identify {unknown}
 h - 2 scrolls of blinking {unknown}
 n - 2 scrolls of magic mapping {unknown}
Potions
 f - a potion of ambrosia {unknown}
 j - a potion of haste {unknown}
 k - a potion of brilliance {unknown}
 l - a potion of curing {unknown}
 r - a potion of berserk rage {unknown}


   Skills:
 + Level 3.0 Fighting
 * Level 3.5 Long Blades
 - Level 1.7 Throwing
 + Level 1.3 Armour
 + Level 3.1 Dodging


You had 3 spell levels left.
You didn't know any spells.
Your spell library was empty.

Dungeon Overview and Level Annotations

Branches:
Dungeon (3/15)

Altars:
Cheibriados


Innate Abilities, Weirdness & Mutations

You thrive by killing the living.
You are immune to poison.
You have sharp fingernails.
Your flesh is cold resistant. (rC+)
You are immune to negative energy. (rN+++)
You do not regenerate when monsters are visible.
You are immune to unholy pain and torment.
You can survive without breathing.


Message History

The bullfrog is moderately wounded.
The bullfrog hits you.
* * * LOW HITPOINT WARNING * * *
It was a potion of lignification.
You feel woody for a moment.
The bullfrog hits you but does no damage.
The bullfrog closely misses you.
Throw: 3 throwing nets
Press: ? - help, Q - select action Shift-Dir - straight line, f - bullfrog
Aim: a bullfrog (moderately wounded)
You throw a throwing net.
The throwing net barely misses the bullfrog.
The bullfrog hits you.
* * * LOW HITPOINT WARNING * * *
Throw: 2 throwing nets
Press: ? - help, Q - select action Shift-Dir - straight line, f/p - bullfrog
Aim: a bullfrog (moderately wounded)
You throw a throwing net.
The throwing net barely misses the bullfrog.
The bullfrog hits you.
You die...

#.....######
#...........
#....#...... ####
##.###...... #(.#
#..##...... #..##
##.##...... #...##
#.##...... #F#..##
#.##.†.... #@##..#
#.########
#.###.###.# #.#
#..##.# ##
#.####..#.# ####.
#...###.[.####..(.
###..###..##......
##.###..##......
#...##.>.......
###..#.#....†..


You could see a bullfrog.

Vanquished Creatures
  2 adders (D:2)
  An ooze (D:1)
  A worm (D:2)
  3 dart slugs
  2 leopard geckos
  An orc (D:3)
  A giant cockroach (D:2)
  6 goblins (D:1)
  5 hobgoblins
  9 kobolds
  A quokka (D:2)
  5 bats
  2 frilled lizards
  12 rats (D:1)
51 creatures vanquished.

Notes
Turn   | Place    | Note
-------+----------+-------------------------------------------
     0 | D:1      | Borgoz the Ghoul Gladiator began the quest for the Orb.
     0 | D:1      | Reached XP level 1. HP: 17/17 MP: 0/0
   170 | D:1      | Reached XP level 2. HP: 20/25 MP: 1/1
   442 | D:1      | Reached XP level 3. HP: 23/30 MP: 2/2
   867 | D:1      | Reached skill level 1 in Armour
  1343 | D:2      | Reached XP level 4. HP: 37/37 MP: 3/3
  1623 | D:3      | Found a snail-covered altar of Cheibriados.
  1693 | D:3      | Noticed a bullfrog
  1708 | D:2      | Slain by a bullfrog

Illustrated notes

Levels and vault maps discovered:
D:1:      dpeg_arrival_ratfight, layout_basic, minmay_pentomino_s2
D:2:      layout_rooms, minmay_split_cup_large
D:3:      layout_basic, cheibriados_altar_1

Skill      XL: |  1  2  3  4 |
---------------+-------------+-----
Long Blades    | 3 |  3.5
Dodging        | 3 |  3.1
Armour         | 1 |  1.3
Fighting       | 3 |  3.0
Throwing       | |  1.7

Action                   |  1- 3 |  4- 6 || total
-------------------------+-------+-------++-------
Melee: Long sword        |   109 |    52 ||   161
Throw: Throwing net      |       |     2 ||     2
  Use: Potion            |       |     2 ||     2
Armor: Leather armour    |    20 |       ||    20
       Scale mail        |    16 |    27 ||    43
Dodge: Dodged            |    61 |    40 ||   101
       Rpst.: Long sword |    17 |    10 ||    27
